woodfighter, neutral female scurrid Archeologist --------- |.......| |.......| |...@...| |...a.a.| | |..aaa..| | |. ----)---- .| |....aAAA.....| ---..@@%a...--- -----@----- -...@...-- ------- ....@....-- ......| .A.A[.A&..| -.@.--.........-- |..@.--...@@..-- ---.@.----D---- |..@A&.A...... -------------- woodfighter the Curator Experience level: 30 Strength: 25 Dexterity: 19 Constitution: 15 Intelligence: 16 Wisdom: 18 Charisma: 16 Health: 0(206) Energy: 166(166) Def: 51 Gold: 0 Moves: 32235 Dungeon seed: tyDfJ6aP72CEirTj Game ID: woodfighter_1532555246 Your Inventory: Amulets i - a blessed amulet of flying (being worn) B - a blessed amulet of life saving D - the blessed Amulet of Yendor named real Weapons a - the blessed +7 Grayswandir (weapon in paw) l - 50 blessed rustproof +7 darts (in quiver) m - a blessed +6 silver saber (wielded in other paw) Armor e - a blessed fireproof +5 pair of speed boots (being worn) n - a blessed rustproof +5 pair of gauntlets of power (being worn) r - a blessed greased fireproof +5 cloak of magic resistance (being worn) A - a blessed rusty rustproof +5 helmet (being worn) O - a blessed durable +7 elven mithril-coat (being worn) V - a blessed +5 Hawaiian shirt (being worn) Comestibles k - an uncursed lizard corpse E - 4 uncursed K-rations Potions K - a blessed potion of full healing Rings J - a blessed +3 ring of protection (on right paw) R - a blessed ring of free action (on left paw) Wands d - a wand of death (0:1) f - a blessed wand of digging (0:3) g - a blessed wand of fire (0:4) h - a blessed wand of teleportation (0:6) Tools b - a blessed very rusty stethoscope q - a -2 unicorn horn s - a blessed bag of holding v - a magic marker (0:10) y - a blessed rusty skeleton key M - a blessed magic lamp (lit) S - the blessed Orb of Detection (0:5) W - a blessed towel Gems C - a blessed luckstone Contents of the bag of holding: an uncursed amulet of life saving an uncursed amulet of life saving an uncursed rusty amulet of life saving an uncursed +0 mummy wrapping a blessed +5 shield of reflection 21 uncursed K-rations 6 uncursed eggs an uncursed eucalyptus leaf 4 uncursed lembas wafers a blessed lizard corpse 3 uncursed sprigs of wolfsbane 8 blessed scrolls of blank paper 2 blessed fireproof scrolls of charging 3 blessed scrolls of gold detection a blessed scroll of identify 3 blessed scrolls of wishing 10 blessed potions of full healing 4 potions of holy water a blessed ring of conflict a blessed wand of death (0:0) a wand of digging (0:7) a wand of digging (0:7) a wand of digging (0:7) a wand of digging (0:7) a wand of digging (0:6) a wand of digging (0:6) a blessed wand of wishing (1:1) a blessed can of grease (0:18) a blessed magic lamp a magic marker (0:26) a magic marker (0:3) a blessed +0 unicorn horn a blessed +0 unicorn horn a +0 unicorn horn an uncursed agate 3 uncursed amethysts 3 [uncursed] aquamarines an uncursed black opal 3 uncursed chrysoberyls 4 [uncursed] diamonds a [uncursed] dilithium crystal 7 uncursed fluorites 10 uncursed garnets 2 uncursed jades an uncursed obsidian 8 uncursed opals 2 uncursed rubies 2 [uncursed] sapphires an uncursed turquoise Spells and supernatural/magical abilities: Name Level Category Fail Memory a - force bolt 1 attack 100% 59% c - cause fear 3 enchantment 100% 58% f - fireball 4 attack 100% 59% h - healing 1 healing 100% 59% i - invisibility 4 escape 100% 59% j - jumping 1 escape 100% 59% k - knock 1 matter 100% 59% l - light 1 divination 100% 59% m - magic missile 2 attack 100% 59% n - detect monsters 1 divination 100% 59% t - teleport away 6 escape 100% 59% u - confuse monster 2 enchantment 100% 58% v - clairvoyance 3 divination 100% 59% x - extra healing 3 healing 100% 59% B - cure blindness 2 healing 100% 58% C - cancellation 7 matter 100% 59% E - detect food 2 divination 100% 59% F - finger of death 7 attack 100% 58% H - haste self 3 escape 100% 59% I - identify 3 divination 100% 59% M - magic mapping 5 divination 100% 59% O - create monster 2 clerical 100% 59% R - restore ability 4 healing 100% 59% S - stone to flesh 3 healing 100% 58% T - turn undead 4 clerical 100% 58% W - pray for help -- divine ? -- Your skills at the end: Miscellaneous Skills two weapon combat [Basic] shield [Basic] wands [Skilled] stealth [Expert] Weapon Skills dagger [Basic] saber [Expert] dart [Basic] whip [Basic] Spellcasting Skills divination spells [Skilled] Final Attributes: You were piously aligned. You were fire resistant. You were cold resistant. You were sleep resistant. You were disintegration-resistant. You were shock resistant. You were poison resistant. You were magic-protected. You resisted hallucinations. Your writing paw was ok. You saw invisible. You were telepathic. You had automatic searching. You were clairvoyant. You had infravision. You were very stealthy. You could fly. You were protected. You were very fast. You had free action. You were wielding two weapons at once. You were extremely lucky. You had extra luck. Good luck did not time out for you. You are dead. Vanquished creatures: Asmodeus Dispater Orcus Juiblex The Wizard of Yendor (7 times) Famine an arch-lich a high priest 3 ancient white dragons a mammoth Vlad the Impaler Medusa 19 krakens an Archon 2 elder white dragons 4 iron golems 2 gray dragons 3 silver dragons 4 red dragons 9 white dragons 4 black dragons 4 blue dragons 2 green dragons 9 storm giants 8 deep ettins 5 glass golems 5 balrogs The Minion of Huhetotl 5 purple worms 16 minotaurs 8 jabberwocks 5 baluchitheria 3 Angels 2 young silver dragons 4 young red dragons 51 young white dragons 6 young orange dragons 3 young black dragons 10 young blue dragons a young green dragon 2 young yellow dragons 4 stone golems a master mind flayer 14 Olog-hai 5 Nazgul 16 pit fiends 16 sandestins 6 hell hounds 8 titanotheres 6 trappers a baby silver dragon a baby red dragon 6 baby white dragons a baby orange dragon a baby black dragon a baby blue dragon a gryphon 2 guardian nagas 2 disenchanters 15 vampire lords 6 shades 5 skeletons 6 aligned priests 10 captains 6 liches 6 water trolls 4 clay golems 11 nurses 23 ice devils 11 nalfeshnees 6 lurkers above an Aleax a golden naga 4 black puddings 18 vampires 31 ghosts 9 ettins 13 lieutenants 2 queen bees 5 winged gargoyles 11 giant mimics 6 fire giants 3 ogre kings 9 Elvenkings 12 ice trolls 8 rock trolls 6 umber hulks 8 flesh golems 11 doppelgangers 27 hezrous 17 bone devils 2 salamanders 11 large mimics 2 wumpuses 2 fire vortices 7 long worms a couatl 14 stalkers an air elemental 6 fire elementals an earth elemental 3 water elementals 17 hill giants 5 giant mummies 2 black nagas 21 elf-lords 7 xorns 16 giant zombies 18 sergeants 2 barbed devils 33 vrocks 5 wargs 6 winter wolves 2 hell hound pups 8 quantum mechanics 25 small mimics 3 glass piercers 6 steam vortices 11 xans 7 ettin mummies 7 ogre lords 24 trolls 5 sasquatches a wood golem 10 mariliths a djinni 4 sharks 8 electric eels 2 pyrolisks 3 large dogs a freezing sphere 5 flaming spheres 8 shocking spheres 2 large cats 6 tigers 6 gargoyles a dwarf king a tengu 5 gelatinous cubes 6 ochre jellies 4 crocodiles 16 chameleons 5 leocrottas 7 energy vortices 3 mountain centaurs 12 giants 6 elf mummies 28 human mummies 5 red nagas 3 green slimes 11 Grey-elves 15 pit vipers 10 pythons 14 cobras 37 wraiths 14 ettin zombies 2 leather golems 35 soldiers a horned devil 16 succubi 9 incubi 5 giant beetles 64 cockatrices 4 wolves 3 winter wolf cubs 10 black lights 3 lynxes 3 panthers 77 gremlins 22 leprechauns 8 quivering blobs 2 spotted jellies 8 lizards 12 mountain nymphs 2 orc-captains 3 mumakil 6 giant spiders 4 scorpions 3 iron piercers a horse 2 ice vortices 9 vampire bats 6 forest centaurs 4 orc mummies 5 dwarf mummies 2 ogres a brown pudding 15 Green-elves 6 rust monsters 7 owlbears 4 yetis 3 gold golems 8 werewolves 7 piranhas 18 giant eels 6 students 12 chickatrices 3 dogs 2 dingos 2 housecats 7 jaguars 5 dwarf lords 5 blue jellies 15 water nymphs 4 white unicorns 6 black unicorns 2 dust vortices 6 ravens 5 plains centaurs 8 gnome mummies 10 Woodland-elves 50 snakes 7 apes 11 human zombies a rope golem 9 soldier ants 10 fire ants 7 yellow lights 14 bugbears 2 imps 7 wood nymphs 19 Mordor orcs 9 Uruk-hai 20 orc shamans 6 rock moles 5 rock piercers a pony 10 fog clouds 5 shriekers 5 violet fungi 8 gnome lords 2 gnomish wizards 4 kobold mummies a red naga hatchling 2 golden naga hatchlings 8 gray oozes 2 barrow wights 12 elf zombies 10 ghouls 2 paper golems 9 jellyfish 7 giant ants a puppy 5 floating eyes a kitten 21 dwarves 3 homunculi 5 kobold lords 5 kobold shamans 7 iguanas 18 hill orcs 12 rothes 4 rabid rats 3 centipedes 7 jitterbugs 2 giant bats 4 monkeys 18 orc zombies 10 dwarf zombies 3 wererats 6 werejackals 55 killer bees 6 coyotes 4 gas spores 7 hobbits 2 acid blobs 6 large kobolds 14 geckos 19 hobgoblins 2 giant rats 3 cave spiders 5 brown molds 6 yellow molds 4 green molds 5 red molds 30 gnomes 58 garter snakes 4 manes 15 gnome zombies 7 jackals 5 foxes 9 kobolds 12 newts 11 goblins 9 sewer rats 15 grid bugs a bat 5 lichens 18 kobold zombies 2396 creatures vanquished. Genocided species: hobbits dwarves bugbears dwarf lords dwarf kings quantum mechanics mind flayers master mind flayers island nymphs liches demiliches master liches arch-liches rust monsters disenchanters jellyfish piranhas sharks giant eels electric eels krakens 21 species genocided. Voluntary challenges: You were not invisible. You were not displaced. You used a wielded weapon 3841 times, starting on turn 4. You did not use plumbed fixtures. You read items or engraved 434 times, starting on turn 1475. You genocided 21 types of monsters, starting on turn 12472. You never polymorphed an object. You never changed form. You cheated 1 time but completed Sokoban on turn 4279. You used 6 wishes, starting on turn 2106. You wished for your your first artifact on turn 2106. You never split a pudding. You never wrote Elbereth's name. You violated your moral code, losing 21 points of alignment, starting on turn 10199. Dungeon overview: The Dungeons of Doom: levels 1 to 28 Level 1 stairs to The Elemental Planes Level 2 stairs to The Gnomish Mines Level 3 Level 4 Level 5 (box) Level 6 many fountains Level 7 stairs to Sokoban Level 8 Level 9 a general store, a sink Level 10 (vault) a fountain, a sink Level 11 Level 12 (water +wvault) an altar to Huhetotl, a fountain portal to The Quest Level 13 a scroll shop, a fountain Level 14 an altar to Camaxtli Level 15 (big room) Level 16 Level 17 (rogue) Level 18 a fountain Level 19 (vault) a general store, an altar to Camaxtli Level 20 a fountain, a sink Level 21 (vault) an altar to Huhetotl, a fountain Level 22 Level 23 Level 24 Level 25 Level 26 Level 27 Level 28 a magic chest, some fountains, some trees Gehennom: levels 29 to 56 Level 29 a temple to Moloch, a magic chest stairs to The Dungeons of Doom Level 30 Level 31 an altar to Moloch, a magic chest, many fountains, many benchs, many trees Level 32 a magic chest Level 33 Level 34 Level 35 Level 36 Level 37 a fountain Level 38 Level 39 Level 40 a magic chest stairs to Vlad's Tower Level 41 Level 42 (orcus) some shops, an altar to Moloch, a magic chest Level 43 Level 44 Level 45 Level 46 (wizard top) a magic chest Level 47 Level 48 portal to Gehennom Level 49 Level 50 Level 51 Level 52 Level 53 Level 54 portal to Gehennom Level 55 Level 56 The Gnomish Mines: levels 3 to 10 Level 3 stairs to The Dungeons of Doom Level 4 Level 5 some shops, a temple to Camaxtli, a magic chest, some fountains Level 6 Level 7 Level 8 Level 9 Level 10 many altars to Moloch, a magic chest, some fountains The Quest: levels 1 to 6 Level 1 (bell is here) a magic chest portal to The Dungeons of Doom Level 2 Level 3 some temples to Quetzalcoatl, Camaxtli, and Huhetotl Level 4 Level 5 Level 6 a temple to Huhetotl Sokoban: levels 3 to 6 Level 3 a magic chest Level 4 Level 5 Level 6 an altar to Quetzalcoatl, a magic chest stairs to The Dungeons of Doom Vlad's Tower: levels 37 to 39 Level 37 Level 38 an altar to Moloch Level 39 stairs to Gehennom The Elemental Planes: Astral Plane <- You were here a high altar Plane 4 portal to The Elemental Planes Plane 3 portal to The Elemental Planes Plane 2 portal to The Elemental Planes Plane 1 portal to The Elemental Planes History has recorded: On T:1 you entered the Dungeons of Doom to retrieve the Amulet of Yendor! On T:115 you reached level 2 of The Dungeons of Doom. On T:204 you reached level 3 of The Dungeons of Doom. On T:218 you advanced to experience level 2. On T:261 you reached level 1 of The Gnomish Mines. On T:263 you advanced to experience level 3. On T:375 you reached level 4 of The Dungeons of Doom. On T:531 you advanced to experience level 4. On T:609 you reached level 5 of The Dungeons of Doom. On T:816 you reached level 6 of The Dungeons of Doom. On T:944 you advanced to experience level 5. On T:951 you reached level 7 of The Dungeons of Doom. On T:1162 you reached level 8 of The Dungeons of Doom. On T:1203 you reached level 4 of Sokoban. On T:1420 you advanced to experience level 6. On T:1474 you opened a magic chest. On T:1709 you reached level 3 of Sokoban. On T:2106 you wished for "+3 blessed greased fixed grayswandir". On T:2335 you reached level 2 of The Gnomish Mines. On T:2486 you advanced to experience level 7. On T:2651 you reached level 3 of The Gnomish Mines. On T:2870 you entered the Minetown temple On T:3153 you reached level 4 of The Gnomish Mines. On T:3197 you wished for "2 blessed fixed scrolls of charging". On T:3529 you reached level 2 of Sokoban. On T:3797 you reached level 1 of Sokoban. On T:4279 you entered the Sokoban zoo. On T:4615 you advanced to experience level 8. On T:4852 you reached level 5 of The Gnomish Mines. On T:5156 you reached level 6 of The Gnomish Mines. On T:5476 you reached level 7 of The Gnomish Mines. On T:5646 you advanced to experience level 9. On T:5656 you reached level 8 of The Gnomish Mines. On T:5656 you reached the bottom of the Mines. On T:6538 you reached level 9 of The Dungeons of Doom. On T:6770 you reached level 10 of The Dungeons of Doom. On T:6974 you reached level 11 of The Dungeons of Doom. On T:7076 you reached level 12 of The Dungeons of Doom. On T:8089 you reached level 1 of The Quest. On T:8091 you advanced to experience level 10. On T:8162 you reached level 13 of The Dungeons of Doom. On T:8363 you reached level 14 of The Dungeons of Doom. On T:8530 you reached level 15 of The Dungeons of Doom. On T:8665 you prayed to Camaxtli. On T:9171 you reached level 16 of The Dungeons of Doom. On T:9655 you advanced to experience level 11. On T:9768 you reached level 17 of The Dungeons of Doom. On T:9768 you entered the Rogue tribute level. On T:9967 you reached level 18 of The Dungeons of Doom. On T:10727 you reached level 19 of The Dungeons of Doom. On T:11591 you prayed to Camaxtli. On T:11614 you prayed to Camaxtli. On T:11745 you prayed to Camaxtli. On T:12028 you prayed to Camaxtli. On T:12163 you advanced to experience level 12. On T:12197 you advanced to experience level 13. On T:12198 you advanced to experience level 14. On T:12203 you embarked upon an epic quest. On T:12241 you reached level 2 of The Quest. On T:12536 you reached level 3 of The Quest. On T:13273 you reached level 4 of The Quest. On T:13496 you reached level 5 of The Quest. On T:13885 you reached level 6 of The Quest. On T:14422 you killed Minion of Huhetotl on level 6 of The Quest. On T:15261 you reached level 20 of The Dungeons of Doom. On T:17037 you reached level 21 of The Dungeons of Doom. On T:17385 you reached level 22 of The Dungeons of Doom. On T:18154 you killed Medusa on level 22 of The Dungeons of Doom. On T:18164 you reached level 23 of The Dungeons of Doom. On T:18309 you reached level 25 of The Dungeons of Doom. On T:18354 you reached level 26 of The Dungeons of Doom. On T:18492 you reached level 24 of The Dungeons of Doom. On T:19511 you advanced to experience level 15. On T:20823 you reached level 27 of The Dungeons of Doom. On T:21398 you reached The Castle. On T:22417 you prayed to Camaxtli. On T:23131 you wished for "+3 blessed fixed greased gauntlets of power". On T:23142 you reached The Valley of the Dead. On T:23207 you advanced to experience level 16. On T:23378 you advanced to experience level 17. On T:23414 you advanced to experience level 18. On T:23594 you reached level 2 of Gehennom. On T:24004 you wished for "+3 blessed fixed greased cloak of magic resistance". On T:24166 you reached level 3 of Gehennom. On T:24626 you advanced to experience level 19. On T:24627 you advanced to experience level 20. On T:24627 you advanced to experience level 21. On T:24627 you advanced to experience level 22. On T:24628 you advanced to experience level 23. On T:24628 you advanced to experience level 24. On T:24629 you advanced to experience level 25. On T:24629 you advanced to experience level 26. On T:24713 you reached level 4 of Gehennom. On T:24910 you reached level 5 of Gehennom. On T:24917 you killed Asmodeus on level 4 of Gehennom. On T:25203 you reached level 6 of Gehennom. On T:25317 you reached level 7 of Gehennom. On T:25542 you reached level 8 of Gehennom. On T:25702 you advanced to experience level 27. On T:25856 you reached level 9 of Gehennom. On T:25885 you killed Juiblex on level 9 of Gehennom. On T:25978 you reached level 10 of Gehennom. On T:26022 you reached level 11 of Gehennom. On T:26291 you reached level 12 of Gehennom. On T:26452 you reached level 3 of Vlad's Tower. On T:26497 you reached level 2 of Vlad's Tower. On T:26617 you reached level 1 of Vlad's Tower. On T:26686 you killed Vlad the Impaler on level 1 of Vlad's Tower. On T:26874 you advanced to experience level 28. On T:26875 you advanced to experience level 29. On T:26875 you advanced to experience level 30. On T:26944 you wished for "+3 blessed fixed ring of protection". On T:26950 you wished for "2 blessed fixed greased scrolls of genocide". On T:27071 you killed Dispater on level 12 of Gehennom. On T:27183 you reached level 13 of Gehennom. On T:27358 you reached level 14 of Gehennom. On T:27789 you reached level 15 of Gehennom. On T:27826 you killed Orcus on level 13 of Gehennom. On T:27940 you reached level 16 of Gehennom. On T:28123 you reached level 17 of Gehennom. On T:28360 you reached level 18 of Gehennom. On T:28609 you reached level 19 of Gehennom. On T:28767 you reached level 20 of Gehennom. On T:28804 you reached level 21 of Gehennom. On T:29134 you reached level 22 of Gehennom. On T:29361 you reached level 23 of Gehennom. On T:29410 you reached level 24 of Gehennom. On T:29718 you reached level 25 of Gehennom. On T:29764 you reached level 26 of Gehennom. On T:30217 you reached level 27 of Gehennom. On T:31066 you killed Wizard of Yendor on level 18 of Gehennom. On T:31145 you performed the invocation. On T:31146 you reached level 28 of Gehennom. On T:31183 you killed Wizard of Yendor on level 27 of Gehennom. On T:31183 you gained the Amulet of Yendor! On T:31483 you killed Wizard of Yendor on level 12 of Gehennom. On T:31593 you killed Wizard of Yendor on level 27 of The Dungeons of Doom. On T:31637 you killed Wizard of Yendor on level 24 of The Dungeons of Doom. On T:31643 you killed Wizard of Yendor on level 24 of The Dungeons of Doom. On T:32035 you reached the Plane of Earth. On T:32040 you killed Wizard of Yendor on the Plane of Earth. On T:32078 you reached the Plane of Air. On T:32109 you reached the Plane of Fire. On T:32144 you reached the Plane of Water. On T:32197 you reached the Astral Plane. On T:32205 you killed Famine on the Astral Plane. Score breakdown: Gold: 0 ( 0 points) Experience: 30 levels ( 2000 points) Exploration: 56 levels ( 2000 points) Discoveries: 163 items ( 2000 points) Variety of kills: 289 monsters ( 2000 points) Major goal: found the Amulet ( 4500 points) Survival: died (score multiplied by 3) Total score: 37500 Latest messages: The priest of Moloch picks up a small shield. Janne the invisible Student of Fire zaps a wand of make invisible! The priestess of Quetzalcoatl turns transparent! Kevin the invisible Reaver swings his long sword named Vorpal Blade at you. Kevin the invisible Reaver smites you! Kevin the invisible Reaver swings his long sword named Vorpal Blade at you. Kevin the invisible Reaver misses. The Angel of Huhetotl picks up a small shield. The invisible priestess of Quetzalcoatl picks up a long sword. You hack the yellow dragon! You slash the yellow dragon! (3x) You miss the yellow dragon. The invisible giant ant misses. Famine zaps a wand of cold! The invisible giant ant is killed by the bolt of cold! The bolt of cold whizzes by you! The bolt of cold hits the yellow dragon! The bolt of cold hits the Angel of Moloch. The bolt of cold bounces! The bolt of cold misses Pestilence. Janne the invisible Student of Fire zaps a wand of make invisible! The priest of Moloch turns transparent! Kevin the invisible Reaver swings his long sword named Vorpal Blade at you. Kevin the invisible Reaver just misses! Kevin the invisible Reaver swings his long sword named Vorpal Blade at you. Vorpal Blade beheads you! You die... Final status: Goodbye woodfighter the Archeologist, killed by an invisible barbarian called "Kevin the Reaver" (with the Amulet)... You died in The Astral Plane with 37500 points, and 0 pieces of gold, after 32235 moves. You were level 30 with a maximum of 206 hit points when you died.